 Dungeon Crawl Stone Soup version 0.30.0-30-g96aa6591b8 (webtiles) character file.

Game seed: 18443240899006040027

116 AIAndy the Digger (level 5, -4/28 HPs)
             Began as a Gargoyle Earth Elementalist on June 28, 2023.
             Slain by Crazy Yiuf
             ... wielding a +4 quarterstaff of chaos
              (7 damage)
             ... on level 2 of the Dungeon.
             The game lasted 00:07:11 (1476 turns).

AIAndy the Digger (Gargoyle Earth Elementalist)     Turns: 1476, Time: 00:07:12

Health: -4/28      AC:  7    Str: 12    XL:     5   Next: 1%
Magic:  16/19      EV: 11    Int: 17    God:
Gold:   56         SH:  0    Dex: 10    Spells: 7/11 levels left

rFire   + . .        i - +1 dagger (venom)
rCold   . . .        (no shield)
rNeg    + . .        a - +0 robe
rPois   ∞            (no helmet)
rElec   +            (no cloak)
rCorr   .            l - +0 pair of gloves
SInv    .            (no boots)
Will    .....        (no amulet)
Stlth   ++           e - ring of protection from fire
HPRegen 0.24/turn    g - ring of magical power
MPRegen 0.16/turn

%: no passive effects
@: no status effects
A: sickness immunity, AC +4, negative energy resistance 1, electricity
resistance, torment resistance 1, petrification resistance
a: no special abilities


You were on level 2 of the Dungeon.
You visited 1 branch of the dungeon, and saw 2 of its levels.

You collected 56 gold pieces.

Inventory:

Hand Weapons
 i - a +1 dagger of venom (weapon)
Armour
 a - a +0 robe (worn)
 l - a +0 pair of gloves (worn)
Magical Staves
 j - a staff of death
Jewellery
 e - a ring of protection from fire (left hand)
 g - a ring of magical power (right hand)
Scrolls
 f - a scroll of amnesia {unknown}
 h - a scroll of noise {unknown}
 k - 2 scrolls of teleportation {unknown}
 m - a scroll of identify {unknown}
Potions
 b - 2 potions of magic
 c - 3 potions of curing {unknown}
 d - 2 potions of ambrosia {unknown}


   Skills:
 - Level 1.5 Dodging
 - Level 2.1 Stealth
 + Level 3.5 Spellcasting
 - Level 0.7 Transmutations
 + Level 5.3 Earth Magic


You had 7 spell levels left.
You knew the following spells:

 Your Spells              Type           Power      Damage    Failure   Level
a - Sandblast             Erth           42%        2d11      1%          1
b - Stone Arrow           Conj/Erth      24%        3d8       17%         3

Your spell library contained the following spells:

 Spells                   Type           Power      Damage    Failure   Level
 Passwall                 Tmut/Erth      10%        N/A       7%          2
 Ensorcelled Hibernation  Hex/Ice        6%         N/A       26%         2
 Petrify                  Tmut/Erth      13%        N/A       43%         4
 Swiftness                Air            3%         N/A       45%         3


Dungeon Overview and Level Annotations

Branches:
Dungeon (2/15)

Altars:

Annotations:
D:2 Crazy Yiuf


Innate Abilities, Weirdness & Mutations

You are immune to sickness and miasma.
Your stone body is resilient. (AC +4)
You are immune to poison.
You resist negative energy. (rN+)
You are resistant to electric shocks. (rElec)
You are resistant to unholy torment.
You are immune to petrification.


Message History

You kill Natasha!
Natasha yowls pathetically as she dies!
You have reached level 5!
Unknown command.
Unknown command.
You feel yourself speed up.
You see here the felid corpse of Natasha.
Found a hammer.
Found a runed translucent door.
Crazy Yiuf shouts!
You open the door.
Casting: Sandblast (safe; 1% risk of failure)
Confirm with . or Enter, or press ? or * to list all spells.
Aiming: Sandblast (safe; 1% risk of failure)
Press: ? - help, Shift-Dir - straight line, f - Crazy Yiuf
Aim: Crazy Yiuf, wielding a +4 quarterstaff of chaos and wearing a +2 cloak of preservation (85% to hit)
The blast of sand hits Crazy Yiuf!
Crazy Yiuf is heavily wounded.
Crazy Yiuf hits you with a +4 quarterstaff of chaos!
Casting: Sandblast (safe; 1% risk of failure)
Confirm with . or Enter, or press ? or * to list all spells.
Aiming: Sandblast (safe; 1% risk of failure)
Press: ? - help, Shift-Dir - straight line, f/p - Crazy Yiuf
Aim: Crazy Yiuf, wielding a +4 quarterstaff of chaos and wearing a +2 cloak of preservation (heavily wounded, 85% to hit)
The blast of sand hits Crazy Yiuf but does no damage.
Crazy Yiuf is heavily wounded.
Crazy Yiuf hits you with a +4 quarterstaff of chaos!
Crazy Yiuf hits you with a +4 quarterstaff of chaos.
* * * LOW HITPOINT WARNING * * *
Crazy Yiuf freezes you.
* * * LOW HITPOINT WARNING * * *
Casting: Sandblast (safe; 1% risk of failure)
Confirm with . or Enter, or press ? or * to list all spells.
Aiming: Sandblast (safe; 1% risk of failure)
Press: ? - help, Shift-Dir - straight line, f/p - Crazy Yiuf
Aim: Crazy Yiuf, wielding a +4 quarterstaff of chaos and wearing a +2 cloak of preservation (heavily wounded, 85% to hit)
The blast of sand hits Crazy Yiuf!
Crazy Yiuf is almost dead.
Crazy Yiuf grits, "Earwax sing-song ragdoll!"
Crazy Yiuf hits you with a +4 quarterstaff of chaos!
You die...

##..# #####.### ##.##
#..[..# #..## #.#####
###..###### #......#
#......##♣♣♣♣♣
#..........♣.♣♣♣ ###
#...........♣..♣#...#
#..........♣♣♣♣@g...#
######....♣♣ ♣♣#..)#
####♣♣ ###


You could see Crazy Yiuf.

Vanquished Creatures
  Natasha (twice) (D:2)
  2 dart slugs (D:1)
  3 orcs (D:2)
  5 endoplasms (D:1)
  5 giant cockroaches
  3 goblins
  3 hobgoblins
  8 jackals
  4 quokkas
  7 ball pythons
  2 bats (D:1)
  5 frilled lizards
  3 kobolds
  2 rats
54 creatures vanquished.

Notes
Turn   | Place    | Note
-------+----------+-------------------------------------------
     0 | D:1      | AIAndy the Gargoyle Earth Elementalist began the quest for
                  | the Orb.
     0 | D:1      | Reached XP level 1. HP: 10/10 MP: 3/3
   139 | D:1      | Reached skill level 4 in Earth Magic
   139 | D:1      | Reached XP level 2. HP: 15/15 MP: 0/5
   477 | D:1      | Reached XP level 3. HP: 19/19 MP: 3/6
  1124 | D:2      | Reached XP level 4. HP: 24/24 MP: 8/8
  1129 | D:2      | Learned a level 3 spell: Stone Arrow
  1264 | D:2      | Noticed Natasha
  1270 | D:2      | Killed Natasha
  1271 | D:2      | Reached skill level 5 in Earth Magic
  1428 | D:2      | Noticed Natasha
  1432 | D:2      | Killed Natasha
  1433 | D:2      | Reached XP level 5. HP: 24/28 MP: 10/10
  1469 | D:2      | Found a runed translucent door.
  1470 | D:2      | Noticed Crazy Yiuf
  1476 | D:2      | Slain by Crazy Yiuf

Illustrated notes

Levels and vault maps discovered:
D:1:      dpeg_arrival_three_same_balls, layout_rooms
D:2:      layout_rooms, uniq_natasha, uniq_crazy_yiuf_cottage

Skill      XL: |  1  2  3  4 |
---------------+-------------+-----
Earth Magic    | 4 5 |  5.3
Spellcasting   | 3 |  3.5
Dodging        | |  1.5
Stealth        | |  2.1
Transmutations | |  0.7

Action                     |  1- 3 |  4- 6 || total
---------------------------+-------+-------++-------
   Cast: Sandblast         |    65 |    19 ||    84
 Armour: Robe              |    22 |     3 ||    25
  Dodge: Dodged            |    31 |     5 ||    36
